[Event "Team 45 45 League T36"]
[Site "Internet Chess Club"]
[Date "2008.02.10"]
[Round "3"]
[White "fishhead"]
[Black "Ser-Enigma"]
[Result "1-0"]
[WhiteElo "1950"]
[BlackElo "2048"]
[Opening "Ruy Lopez: 5.O-O"]
[ECO "C78"]
[Time "11:03:47"]
[TimeControl "2700+45"]

1. e4 e5 2. Nf3 Nc6 3. Bb5 a6 4. Ba4 Nf6 5. O-O b5 6. Bb3 Bc5 7. Nxe5 Nxe5 8. d4
Bxd4 9. Qxd4 Nc6 10. Qd3 O-O 11. Bg5 h6 12. Bh4 d6 13. f4 Be6 14. Nc3 Nb4 15.
Qd2 c5 16. Bxe6 fxe6 17. Rad1 Qe8 18. a3 Nc6 19. Qxd6 b4 20. Bxf6 gxf6 21. Na4
bxa3 22. bxa3 Nd4 23. Nxc5 Nxc2 24. Qxe6+ Qxe6 25. Nxe6 Rfc8 26. Rd3 Rc4 27.
Rg3+ Kh8 28. Rg6 Kh7 29. Rxf6 Rxe4 30. Rd1 Re1+ 31. Rxe1 Nxe1 32. Kf2 Nc2 33. a4
Rc8 34. Rf7+ Kg8 35. Rc7 Re8 36. f5 Nb4 37. Kf3 Rb8 38. Ke4 Rb6 39. g4 a5 40. h4
Na6 41. Rc4 Nb8 42. g5 hxg5 43. hxg5 Nd7 44. Rc8+ Kf7 45. g6+ Ke7 46. Rc7 Ke8
47. Rxd7 Kxd7 48. g7 Rb4+ 49. Ke5 Rg4 50. Kf6 Ke8 51. Ng5 {Black resigns} 1-0

[Event "Team 45 45 League T36"]
[Site "Internet Chess Club"]
[Date "2008.02.09"]
[Round "3"]
[White "DeLaSalle"]
[Black "MaunaKeaMike"]
[Result "1/2-1/2"]
[WhiteElo "1993"]
[BlackElo "1803"]
[Opening "Nimzovich-Larsen attack: Indian variation"]
[ECO "A01"]
[Time "12:00:34"]
[TimeControl "2700+45"]

1. b3 Nf6 2. Bb2 g6 3. e4 d6 4. g3 Bg7 5. Bg2 O-O 6. Ne2 e5 7. O-O Nc6 8. d4
exd4 9. Nxd4 Re8 10. Nxc6 bxc6 11. e5 Nd5 12. c4 Ne7 13. Qe2 Bb7 14. exd6 cxd6
15. Bxg7 Kxg7 16. Qb2+ Kg8 17. Nc3 f5 18. Rad1 Qc7 19. Rfe1 Rad8 20. Ne2 Nc8 21.
Nf4 Qf7 22. h4 Rxe1+ 23. Rxe1 Re8 24. Qc3 Rxe1+ 25. Qxe1 Qe7 26. Qxe7 Nxe7 27.
Ne6 Bc8 28. Nd4 Bd7 29. Kf1 Kf7 30. Ke2 Kf6 31. Ke3 h6 32. b4 g5 33. hxg5+ hxg5
34. f4 g4 35. b5 c5 36. Nb3 Kf7 37. a4 Ke8 38. a5 Kd8 39. Kd3 Kc8 40. a6 Kc7 41.
Nd2 Kb6 42. Kc3 Be6 43. Bf1 {Game drawn by mutual agreement} 1/2-1/2

[Event "Team 45 45 League T36"]
[Site "Internet Chess Club"]
[Date "2008.02.09"]
[Round "3"]
[White "jazzpiano"]
[Black "charles-allen"]
[Result "1/2-1/2"]
[WhiteElo "1838"]
[BlackElo "1815"]
[Opening "Scandinavian defense"]
[ECO "B01"]
[Time "15:07:36"]
[TimeControl "2700+45"]

1. e4 d5 2. exd5 Nf6 3. Nf3 Nxd5 4. d4 c6 5. c4 Nf6 6. h3 Bf5 7. Bd3 Bxd3 8.
Qxd3 e6 9. Bf4 Bd6 10. Bxd6 Qxd6 11. O-O O-O 12. Nc3 Nbd7 13. Rad1 Rad8 14. Ne4
Nxe4 15. Qxe4 Nf6 16. Qc2 c5 17. dxc5 Qxc5 18. Rxd8 Rxd8 19. Rd1 Qc7 20. Rxd8+
Qxd8 21. b3 {Game drawn by mutual agreement} 1/2-1/2

[Event "Team 45 45 League T36"]
[Site "Internet Chess Club"]
[Date "2008.02.12"]
[Round "3"]
[White "Zkid"]
[Black "chsrules88"]
[Result "0-1"]
[WhiteElo "2203"]
[BlackElo "2043"]
[Opening "two knights defense: Lolli attack"]
[ECO "C57"]
[Time "22:25:58"]
[TimeControl "2700+45"]

1. e4 e5 2. Nf3 Nc6 3. Bc4 Nf6 4. Ng5 d5 5. exd5 Nxd5 6. d4 Nxd4 7. c3 Be7 8.
cxd4 Bxg5 9. Bxg5 Qxg5 10. Bxd5 exd4 11. Qe2+ Kd8 12. Kd1 Qxd5 13. Re1 Bd7 14.
Qe7+ Kc8 15. Nd2 b6 16. Rc1 Re8 17. Qh4 Rxe1+ 18. Kxe1 Bb5 19. Qe7 Qd7 20. Qe4
c6 21. a4 Bxa4 22. Rc4 Bb5 23. Rxd4 Qe6 24. Qxe6+ fxe6 25. Rd6 e5 26. Nf3 Kc7
27. Re6 Kd7 28. Rxe5 Re8 29. Rxe8 Kxe8 30. Kd2 c5 31. Ke3 Bc6 32. Ne1 Ke7 33. g4
Kd6 34. f4 a5 35. h4 Bd7 36. g5 g6 37. Nd3 a4 38. Ne5 Be6 39. Nf3 b5 40. Nd2 Bf5
41. Nf1 b4 42. Kd2 c4 43. Ne3 Bd3 44. Ng4 a3 45. bxa3 bxa3 46. Kc3 Kc5 47. Nf6
a2 48. Kb2 Bb1 49. f5 c3+ 50. Ka1 c2 51. Ne4+ Kb6 52. f6 c1=Q 53. f7 Bxe4+
{White resigns} 0-1

[Event "Team 45 45 League T36"]
[Site "Internet Chess Club"]
[Date "2008.02.07"]
[Round "3"]
[White "SuperPeon"]
[Black "morgado"]
[Result "1-0"]
[WhiteElo "2031"]
[BlackElo "2055"]
[Opening "Caro-Kann: classical variation"]
[ECO "B18"]
[Time "19:14:06"]
[TimeControl "2700+45"]

1. e4 c6 2. d4 d5 3. Nc3 dxe4 4. Nxe4 Bf5 5. Ng3 Bg6 6. Nf3 Nd7 7. Bd3 Bxd3 8.
Qxd3 Qc7 9. Be3 Ngf6 10. O-O e6 11. Rfe1 Bd6 12. c4 O-O 13. Rac1 Rfd8 14. Qc3
Rac8 15. c5 Bf4 16. Nf1 Nd5 17. Qa3 N7f6 18. h3 Nxe3 19. fxe3 Bh6 20. Rb1 Ne4
21. b4 a6 22. Qd3 Ng3 23. Nxg3 Qxg3 24. a4 e5 25. Qe4 Rd5 26. Nxe5 Re8 27. Qf3
Qxf3 28. gxf3 f5 29. Rbd1 Red8 30. f4 g5 31. fxg5 Bxg5 32. Nf3 Bf6 33. Kf2 f4
34. Rg1+ Kf7 35. Rg4 fxe3+ 36. Kxe3 Rh5 37. h4 Re8+ 38. Kd3 Rf5 39. Rf1 h5 40.
Re4 Rxe4 41. Kxe4 Ke6 42. Ng5+ Rxg5 43. hxg5 Bxg5 44. Rf5 {Black resigns} 1-0

[Event "Team 45 45 League T36"]
[Site "Internet Chess Club"]
[Date "2008.02.07"]
[Round "3"]
[White "PaulKaspar"]
[Black "tourettes"]
[Result "1/2-1/2"]
[WhiteElo "1879"]
[BlackElo "1717"]
[Opening "French: exchange variation"]
[ECO "C01"]
[Time "12:26:58"]
[TimeControl "2700+45"]

1. e4 e6 2. d4 d5 3. exd5 exd5 4. Nf3 Nf6 5. Bb5+ c6 6. Bd3 Be7 7. O-O O-O 8.
Re1 Re8 9. Bg5 Nbd7 10. c3 h6 11. Bf4 Nf8 12. Nbd2 Ne6 13. Be5 b6 14. Rc1 Bb7
15. b3 Bd6 16. Bxd6 Qxd6 17. Ne5 c5 18. Ndf3 Nf4 19. Bb5 Re7 20. Qd2 Ne6 21. Nh4
Qd8 22. Nf5 Rc7 23. Bd3 Ne4 24. Bxe4 dxe4 25. Qe3 Ng5 26. dxc5 Rxc5 27. Red1 Qc7
28. Rd7 Qxe5 29. Ne7+ Kf8 30. Rxb7 Re8 31. b4 Rc7 32. Rxc7 Qxc7 33. Nd5 Qc6 34.
c4 Qg6 35. a4 Nf3+ 36. Kh1 Nh4 37. Qg3 Qxg3 {Game drawn by mutual agreement}
1/2-1/2

[Event "Team 45 45 League T36"]
[Site "Internet Chess Club"]
[Date "2008.02.11"]
[Round "3"]
[White "Tomate"]
[Black "Fidelian"]
[Result "0-1"]
[WhiteElo "1428"]
[BlackElo "1364"]
[Opening "Philidor: exchange variation"]
[ECO "C41"]
[Time "19:36:05"]
[TimeControl "2700+45"]

1. e4 e5 2. Nf3 d6 3. d4 exd4 4. Nxd4 Nf6 5. Nc3 Bg4 6. Be2 Bxe2 7. Ndxe2 Nc6 8.
O-O Ne5 9. Bg5 Be7 10. Bxf6 Bxf6 11. Ng3 g6 12. Nd5 Bg7 13. Rb1 c6 14. Nc3 Qd7
15. h3 h5 16. b3 Qe6 17. Nce2 h4 18. Nf4 Qe7 19. Nge2 g5 20. Nd3 O-O-O 21. f3
Nxd3 22. Qxd3 d5 23. exd5 Rxd5 24. Qc4 Rc5 25. Qb4 Re8 26. c4 b6 27. Kh1 Bf8 28.
Rfe1 Re5 29. Qd2 Rd8 30. Qc2 Re8 31. Rbd1 Rxe2 32. Qf5+ Re6 33. Rxe6 fxe6 34.
Qe4 Kb7 35. Re1 Qc5 36. Rd1 Bd6 37. Qd3 Kc7 38. Qg6 Re7 39. Qe4 Qe5 40. Qxe5
Bxe5 41. Re1 Bf4 42. Re2 e5 43. Kg1 Rd7 44. Kf1 Rd2 45. Rxd2 Bxd2 46. Ke2 Bf4
47. Kd3 Kd6 48. Ke4 a5 49. a4 Kc5 50. Kd3 Kb4 51. Kc2 Kc5 52. Kd3 Kd6 53. Ke4
Kc5 54. Kd3 b5 55. cxb5 cxb5 56. axb5 Kxb5 57. Kc3 a4 58. bxa4+ Kxa4 59. Kc4 Ka3
60. Kc3 Ka2 61. Kc2 Be3 62. Kd3 Bf4 63. Kc2 Ka3 64. Kc3 Ka4 65. Kc4 Ka5 66. Kd5
Kb4 67. Ke4 Kc4 68. Kf5 Kd3 69. Kg4 Ke3 70. Kf5 Kf2 71. Kg4 Kg1 {White resigns}
0-1

[Event "Team 45 45 League T36"]
[Site "Internet Chess Club"]
[Date "2008.02.11"]
[Round "3"]
[White "uipawn"]
[Black "Visin"]
[Result "0-1"]
[WhiteElo "1354"]
[BlackElo "1304"]
[Opening "Four knights: Gunsberg variation"]
[ECO "C44"]
[Time "21:58:43"]
[TimeControl "2700+45"]

1. e4 e5 2. Nf3 Nc6 3. a3 Nf6 4. Nc3 d5 5. d3 Bg4 6. exd5 Nxd5 7. Bd2 Bc5 8. h3
Bh5 9. g4 Bg6 10. Bg2 Nxc3 11. Bxc3 f6 12. Qe2 Bd4 13. Bxd4 Nxd4 14. O-O Nxe2+
15. Kh1 Nf4 16. Rae1 Nxg2 17. Kxg2 Qd5 18. d4 e4 19. Nd2 O-O-O 20. c3 e3+ 21.
Nf3 exf2 22. Rxf2 Rhe8 23. Rxe8 Rxe8 24. Kh2 Bd3 25. Kg3 Re2 26. Rf1 Qd6+ 27.
Kh4 g5+ 28. Nxg5 fxg5+ 29. Kh5 Qg6# {White checkmated} 0-1

[Event "Team 45 45 League T36"]
[Site "Internet Chess Club"]
[Date "2008.02.09"]
[Round "3"]
[White "Dalcon"]
[Black "b2solo"]
[Result "0-1"]
[WhiteElo "1262"]
[BlackElo "1222"]
[Opening "Pirc: classical (two knights) system"]
[ECO "B08"]
[Time "12:14:00"]
[TimeControl "2700+45"]

1. e4 d6 2. d4 Nf6 3. Nc3 g6 4. Nf3 Bg7 5. Bc4 O-O 6. O-O c6 7. Be3 b5 8. Be2 b4
9. Na4 Nxe4 10. Bd3 Nf6 11. c3 a5 12. Qd2 Ng4 13. cxb4 Nxe3 14. fxe3 axb4 15.
Qxb4 Na6 16. Qc4 c5 17. Rfd1 Nb4 18. Nc3 Nxd3 19. Rxd3 Ba6 20. Nb5 Qb6 21. a4
Rfb8 22. dxc5 Qxc5 23. Qxc5 dxc5 24. Rb3 Bxb5 25. Rd1 Bxa4 26. Rxb8+ Rxb8 27.
Rd2 Bxb2 28. Rd5 c4 29. Nd4 Bxd4 30. Rxd4 Rc8 {White resigns} 0-1

[Event "Team 45 45 League T36"]
[Site "Internet Chess Club"]
[Date "2008.02.10"]
[Round "3"]
[White "gsloan"]
[Black "rpgrossman"]
[Result "0-1"]
[WhiteElo "1228"]
[BlackElo "1170"]
[Opening "Alekhine's defense"]
[ECO "B02"]
[Time "16:07:58"]
[TimeControl "2700+45"]

1. e4 Nf6 2. f3 c5 3. c3 g6 4. d4 b6 5. Bc4 Ba6 6. Bxa6 Nxa6 7. Qd3 Nc7 8. Ne2
Bg7 9. Be3 O-O 10. dxc5 bxc5 11. Bxc5 Ne6 12. Ba3 Nh5 13. O-O Nhf4 14. Nxf4 Nxf4
15. Qd2 Qb6+ 16. Rf2 Bh6 17. Kh1 Nd3 18. Qxd3 Qxf2 19. h3 Qe1+ 20. Kh2 Bf4+ 21.
g3 Qxg3+ 22. Kh1 Qh2# {White checkmated} 0-1

[Event "Team 45 45 League T36"]
[Site "Internet Chess Club"]
[Date "2008.02.08"]
[Round "3"]
[White "sra66"]
[Black "quickchess"]
[Result "1-0"]
[WhiteElo "1498"]
[BlackElo "1491"]
[Opening "Pirc defense"]
[ECO "B07"]
[Time "20:29:01"]
[TimeControl "2700+45"]

1. e4 d6 2. d4 Nf6 3. Nc3 e5 4. Nf3 exd4 5. Nxd4 Be7 6. Bc4 O-O 7. O-O c6 8. Bf4
Nxe4 9. Nxe4 d5 10. Bd3 dxe4 11. Bxe4 Qb6 12. Rb1 Na6 13. Re1 Bc5 14. c3 Bxd4
15. cxd4 Be6 16. b3 Nb4 17. Rb2 Nd5 18. Be5 a5 19. Qh5 g6 20. Qh6 f6 21. Bxg6
hxg6 22. Qxg6+ Kh8 23. Re4 {Black resigns} 1-0

[Event "Team 45 45 League T36"]
[Site "Internet Chess Club"]
[Date "2008.02.10"]
[Round "3"]
[White "beerss"]
[Black "slakkjaw"]
[Result "0-1"]
[WhiteElo "1465"]
[BlackElo "1431"]
[Opening "Bird's opening"]
[ECO "A03"]
[Time "13:26:13"]
[TimeControl "2700+45"]

1. f4 d5 2. Nf3 Nc6 3. e3 Nf6 4. Bb5 Bd7 5. Bxc6 bxc6 6. O-O Qc8 7. b3 Bg4 8.
Bb2 Rg8 9. Qe1 Qe6 10. Ng5 Qd7 11. Bxf6 gxf6 12. Nxh7 Bh3 13. g3 Bxf1 14. Nxf8
Qh3 15. Qxf1 Qxf1+ 16. Kxf1 Rxf8 17. Nc3 Kd7 18. Ne2 Rh8 19. h4 Ke6 20. Kf2 Rad8
21. Nd4+ Kd6 22. Rh1 Rdg8 23. Kf3 e5 24. fxe5+ fxe5 25. Nf5+ Ke6 26. g4 c5 27.
d3 Rg6 28. h5 e4+ 29. Kf4 Rf6 30. h6 Rg6 31. g5 f6 32. Ng7+ Kf7 33. gxf6 Rxf6+
34. Kg5 Rg6+ 35. Kf5 Rhxh6 36. Nh5 Rg2 37. dxe4 dxe4 38. Kxe4 Rxc2 39. Rf1+ Ke7
40. Nf4 Rxa2 41. Kd3 Rd6+ 42. Kc4 Rc2+ 43. Kb5 Rb6+ 44. Ka4 Ra2# {White
checkmated} 0-1

[Event "Team 45 45 League T36"]
[Site "Internet Chess Club"]
[Date "2008.02.10"]
[Round "3"]
[White "BosqueVerde"]
[Black "theartist"]
[Result "1/2-1/2"]
[WhiteElo "1192"]
[BlackElo "1179"]
[Opening "Queen's pawn game"]
[ECO "E00"]
[Time "11:00:50"]
[TimeControl "2700+45"]

1. d4 Nf6 2. c4 e6 3. a3 c5 4. Nf3 Be7 5. Nc3 O-O 6. Qc2 cxd4 7. Nxd4 Nc6 8. Nf3
d5 9. cxd5 Nxd5 10. Nxd5 exd5 11. e3 a6 12. Bd3 g6 13. O-O Qd6 14. h3 Qf6 15.
Be2 Be6 16. Bd2 Qg7 17. Bc3 Bf6 18. Rad1 Bxc3 19. bxc3 Rfd8 20. Nd4 Nxd4 21.
cxd4 Rac8 22. Qb2 b5 23. Qb4 Qf8 24. Qa5 Rc6 25. Rc1 Rdc8 26. Rxc6 Rxc6 27. a4
Bc8 28. axb5 axb5 29. Bxb5 Rd6 30. Rc1 Be6 31. Bc6 Qc8 32. Qa8 Kg7 33. Qxc8 Bxc8
34. Be8 Bd7 35. Bxd7 Rxd7 36. Rc5 Kf6 37. g4 Ke7 38. f4 f5 39. Kg2 Kd6 40. Ra5
Kc6 41. Ra6+ Kc7 42. Ra7+ Kc6 43. Rxd7 Kxd7 44. Kg3 Ke6 45. Kf3 h6 46. h4 h5 47.
g5 Kd6 48. Ke2 Kc6 49. Kd3 Kb5 50. Kc3 Ka4 51. Kd3 {Game drawn by mutual
agreement} 1/2-1/2

[Event "Team 45 45 League T36"]
[Site "Internet Chess Club"]
[Date "2008.02.10"]
[Round "3"]
[White "king4aknight"]
[Black "Renato77"]
[Result "0-1"]
[WhiteElo "1016"]
[BlackElo "1161"]
[Opening "Giuoco Piano: four knights variation"]
[ECO "C46"]
[Time "17:06:50"]
[TimeControl "2700+45"]

1. e4 e5 2. Nf3 Nc6 3. Nc3 Bc5 4. Bc4 Nf6 5. O-O h6 6. a3 Bd4 7. b4 Bxc3 8. dxc3
Nxe4 9. Qd5 Nd6 10. Bb3 Qf6 11. Re1 O-O 12. Bb2 e4 13. Qh5 exf3 14. Qxf3 Qxf3
15. gxf3 b5 16. Kh1 Bb7 17. Ba2 Rae8 18. Rg1 Ne5 19. Rg3 Nxf3 20. Rxf3 Bxf3+ 21.
Kg1 Re2 22. Kf1 Ne4 23. Rd1 Rxc2 24. Rd3 Rxb2 25. Rxf3 Nd2+ 26. Kg2 Nxf3 27.
Kxf3 Rxa2 {White resigns} 0-1

[Event "Team 45 45 League T36"]
[Site "Internet Chess Club"]
[Date "2008.02.10"]
[Round "3"]
[White "jacknor"]
[Black "sra66"]
[Result "1-0"]
[WhiteElo "1679"]
[BlackElo "1478"]
[Opening "Sicilian: Smith-Morra gambit"]
[ECO "B21"]
[Time "13:27:11"]
[TimeControl "2700+45"]

1. e4 c5 2. d4 cxd4 3. c3 Nc6 4. Nf3 e6 5. cxd4 a6 6. Bg5 Nf6 7. e5 h6 8. Bxf6
gxf6 9. a3 fxe5 10. dxe5 Qa5+ 11. Qd2 Bb4 12. Nc3 Nxe5 13. Be2 d5 14. O-O Bd6
15. b4 Qb6 16. Rac1 Qd8 17. Nd1 b5 18. Ne3 Bb7 19. Nd4 Rc8 20. Bh5 Rxc1 21. Rxc1
Qe7 22. f4 Ng6 23. Bxg6 fxg6 24. Ng4 h5 25. Ne5 Bxe5 26. fxe5 O-O 27. Rf1 Rxf1+
28. Kxf1 Qf7+ 29. Qf2 Qxf2+ 30. Kxf2 Kf7 31. Kg3 Kg7 32. Nxe6+ Kf7 33. Nd4 Ke7
34. Kf4 Bc8 35. Ke3 Bf5 36. g3 Kd7 37. Ne2 Ke6 38. Kd4 Be4 39. Nf4+ Ke7 40.
Nxd5+ Bxd5 41. Kxd5 Kd7 42. e6+ Ke7 43. Ke5 g5 44. h4 gxh4 45. gxh4 Ke8 46. Kf6
Kf8 47. Kg5 Ke7 48. Kxh5 Kxe6 49. Kg6 Ke7 50. Kg7 Kd6 51. h5 Kd5 52. h6 Kc4 53.
h7 Kb3 54. h8=Q Kxa3 55. Qh4 Ka4 56. Kf6 a5 57. bxa5+ Kxa5 58. Qe1+ Ka4 59. Qa1+
Kb4 60. Ke5 Kc4 61. Qb2 b4 62. Qc2+ Kb5 63. Kd5 Kb6 64. Qc5+ Ka6 65. Kc6 {Black
resigns} 1-0

[Event "Team 45 45 League T36"]
[Site "Internet Chess Club"]
[Date "2008.02.11"]
[Round "3"]
[White "alaskauk"]
[Black "Rubacchus"]
[Result "0-1"]
[WhiteElo "1478"]
[BlackElo "1364"]
[Opening "Sicilian: Pelikan (Lasker/Sveshnikov) variation"]
[ECO "B33"]
[Time "09:09:41"]
[TimeControl "2700+45"]

1. e4 c5 2. Nf3 Nc6 3. d4 cxd4 4. Nxd4 Nf6 5. Nc3 e5 6. Nf3 Bb4 7. Bg5 Qb6 8.
Be3 Bxc3+ 9. bxc3 Qc7 10. Bd3 O-O 11. h3 d5 12. exd5 Nxd5 13. Bxh7+ Kxh7 14.
Qxd5 f6 15. Qe4+ Kg8 16. Qc4+ Rf7 17. h4 Bf5 18. Rc1 Rc8 19. g4 Nd4 20. Qxc7
Nxf3+ 21. Ke2 Rfxc7 22. gxf5 e4 23. Bd2 Nxd2 24. Kxd2 Rxc3 25. Rhe1 Rf3 26. Rxe4
Rxf2+ 27. Re2 Rxf5 28. Re7 Rf2+ 29. Re2 Rxe2+ 30. Kxe2 Rc4 31. Rd1 Rxc2+ 32. Kf3
Rxa2 33. Rd8+ Kh7 34. Rd7 b5 35. Rb7 a6 36. Rb6 Kh6 37. Rb8 Ra4 38. Kg3 b4 39.
Kg4 b3+ 40. Kf5 Ra5+ 41. Ke6 Rb5 42. Kf7 {White resigns} 0-1

[Event "Team 45 45 League T36"]
[Site "Internet Chess Club"]
[Date "2008.02.09"]
[Round "3"]
[White "AtomicDog"]
[Black "john-beebs"]
[Result "1/2-1/2"]
[WhiteElo "1325"]
[BlackElo "1510"]
[Opening "Ruy Lopez: Möller defense"]
[ECO "C78"]
[Time "13:58:58"]
[TimeControl "2700+45"]

1. e4 e5 2. Nf3 Nc6 3. Bb5 a6 4. Ba4 Nf6 5. O-O Bc5 6. c3 d6 7. d4 exd4 8. cxd4
Ba7 9. d5 b5 10. Bc2 Ne7 11. a4 b4 12. h3 a5 13. Bd3 O-O 14. Re1 Bb7 15. Bc4 c6
16. Qd3 cxd5 17. exd5 Nexd5 18. Bg5 Nb6 19. Bb3 h6 20. Bf4 Nbd5 21. Bxd5 Nxd5
22. Bg3 Qf6 23. Nbd2 Nf4 24. Bxf4 Qxf4 25. Nc4 Bc5 26. Ncd2 Rfe8 27. Rxe8+ Rxe8
28. Qb5 Rb8 29. Re1 Kf8 30. Qd7 Qf6 31. Ne4 Bxe4 32. Rxe4 Rd8 33. Qc7 Re8 34.
Rxe8+ Kxe8 35. Qxa5 Qxb2 36. Qa8+ Ke7 37. Qb7+ Kf6 38. Kh2 Qxf2 39. Qe4 g5 40.
Qg4 d5 41. Qd7 Be3 42. Qd8+ Ke6 43. Qe8+ Kd6 44. Qe5+ Kd7 45. Qxd5+ Ke7 46. Qe5+
Kf8 47. Qh8+ Ke7 48. Qe5+ Kf8 49. Qh8+ Ke7 {Game drawn by mutual agreement}
1/2-1/2

[Event "Team 45 45 League T36"]
[Site "Internet Chess Club"]
[Date "2008.02.07"]
[Round "3"]
[White "Qualm"]
[Black "Ziah"]
[Result "1-0"]
[WhiteElo "1669"]
[BlackElo "1551"]
[Opening "Sicilian: Alapin's variation (2.c3)"]
[ECO "B22"]
[Time "05:01:47"]
[TimeControl "2700+45"]

1. e4 c5 2. c3 d6 3. d4 cxd4 4. cxd4 Nf6 5. Nc3 e6 6. Bd3 Be7 7. Nge2 O-O 8. O-O
a6 9. Kh1 b5 10. Be3 Bb7 11. f3 Nc6 12. Rc1 Nb4 13. Bb1 Rc8 14. a3 Nc6 15. Qd2
Na5 16. Ba2 Nc4 17. Bxc4 Rxc4 18. d5 e5 19. b3 Rc7 20. Bb6 Rc8 21. Bxd8 {Black
resigns} 1-0

[Event "Team 45 45 League T36"]
[Site "Internet Chess Club"]
[Date "2008.02.09"]
[Round "3"]
[White "crazynights"]
[Black "klutzer"]
[Result "1-0"]
[WhiteElo "1508"]
[BlackElo "1499"]
[Opening "Scandinavian: Pytel-Wade variation"]
[ECO "B01"]
[Time "13:01:15"]
[TimeControl "2700+45"]

1. e4 d5 2. exd5 Qxd5 3. Nc3 Qd6 4. d4 Nf6 5. Nf3 a6 6. Be2 Nbd7 7. O-O e6 8.
Bg5 Be7 9. Qd2 b5 10. Rad1 Bb7 11. Bf4 Qb6 12. Ne5 Rd8 13. Qc1 O-O 14. Be3 c5
15. b4 cxb4 16. Nb1 Nd5 17. Bf3 N7f6 18. Nd2 Nxe3 19. fxe3 Bxf3 20. Ndxf3 a5 21.
Qb2 Rc8 22. Nd2 Rfd8 23. Rf3 Rc7 24. Rdf1 Bd6 25. d5 Bxe5 26. Qxe5 Rxd5 27. Qg3
Kh8 28. Nb3 Ne4 29. Rxf7 Rxf7 30. Rxf7 Qxe3+ 31. Qxe3 Rd1+ 32. Rf1 Rxf1+ {Black
resigns} 1-0

[Event "Team 45 45 League T36"]
[Site "Internet Chess Club"]
[Date "2008.02.10"]
[Round "3"]
[White "Fineas-Fogg"]
[Black "EyeAm"]
[Result "0-1"]
[WhiteElo "1375"]
[BlackElo "1369"]
[Opening "Petrov: Cochrane gambit"]
[ECO "C42"]
[Time "13:57:47"]
[TimeControl "2700+45"]

1. e4 e5 2. Nf3 Nf6 3. Nxe5 d6 4. Nxf7 Kxf7 5. Bc4+ d5 6. exd5 Bd6 7. O-O Bxh2+
8. Kxh2 Ng4+ 9. Kg1 Qh4 10. Qf3+ Ke7 11. Re1+ Kd8 12. Qh3 Qxf2+ 13. Kh1 Qxe1+
{White resigns} 0-1

[Event "Team 45 45 League T36"]
[Site "Internet Chess Club"]
[Date "2008.02.07"]
[Round "3"]
[White "civilization"]
[Black "kinchknifeblade"]
[Result "1-0"]
[WhiteElo "1538"]
[BlackElo "1369"]
[Opening "Sicilian: Alapin's variation (2.c3)"]
[ECO "B22"]
[Time "17:34:36"]
[TimeControl "2700+45"]

1. e4 c5 2. c3 d6 3. d4 cxd4 4. cxd4 a6 5. Nf3 Nf6 6. Nc3 g6 7. Bc4 b5 8. Bb3
Bb7 9. e5 Ne4 10. Nxe4 Bxe4 11. O-O h6 12. Re1 Bb7 13. exd6 Qxd6 14. Ne5 Bd5 15.
Bf4 Bxb3 16. Qxb3 Qf6 17. Rac1 Nc6 18. Rxc6 Qxf4 19. Rxa6 Rd8 20. Qxb5+ {Black
resigns} 1-0

[Event "Team 45 45 League T36"]
[Site "Internet Chess Club"]
[Date "2008.02.09"]
[Round "3"]
[White "taijifan"]
[Black "EyeAm"]
[Result "0-1"]
[WhiteElo "1318"]
[BlackElo "1351"]
[Opening "Petrov: classical attack"]
[ECO "C42"]
[Time "14:01:00"]
[TimeControl "2700+45"]

1. e4 e5 2. Nf3 Nf6 3. Nxe5 d6 4. Nf3 Nxe4 5. d4 d5 6. Qe2 Be7 7. c4 O-O 8. cxd5
Qxd5 9. Nc3 Bb4 10. Bd2 Bxc3 11. Bxc3 Nxc3 12. bxc3 Bg4 13. c4 Qa5+ 14. Kd1 Nc6
15. Qe4 {White resigns} 0-1

[Event "Team 45 45 League T36"]
[Site "Internet Chess Club"]
[Date "2008.02.09"]
[Round "3"]
[White "Hastings"]
[Black "SeniorCitizen"]
[Result "0-1"]
[WhiteElo "1270"]
[BlackElo "1333"]
[Opening "Vienna game"]
[ECO "C26"]
[Time "12:18:06"]
[TimeControl "2700+45"]

1. e4 e5 2. Bc4 Nf6 3. Nc3 Be7 4. d4 d6 5. f4 Nc6 6. Nf3 Bg4 7. Qd3 Bxf3 8. gxf3
Nxd4 9. Rg1 O-O 10. fxe5 dxe5 11. Bh6 Nh5 12. O-O-O Bf6 13. Nd5 c6 14. Nxf6+
Qxf6 15. Be3 Rad8 16. Bxd4 Rxd4 17. Qf1 Rxd1+ 18. Qxd1 Rd8 19. Qe2 Qf4+ 20. Kb1
g6 21. Rg4 Qd2 22. Qxd2 Rxd2 23. Kc1 Rd7 24. Rg5 Re7 25. Kd2 Kg7 26. Rg2 b5 27.
Bb3 c5 28. a4 b4 29. Ba2 Rd7+ 30. Ke3 a5 31. Bd5 Rc7 32. Bc4 Rd7 33. Rd2 Rxd2
34. Kxd2 Nf4 35. c3 h5 36. Bf1 g5 37. Kc2 f5 38. exf5 Nd5 39. Kd3 Nb6 40. Ke4
Kf6 41. Be2 Nxa4 42. Kd5 bxc3 43. b3 c2 {White resigns} 0-1

[Event "Team 45 45 League T36"]
[Site "Internet Chess Club"]
[Date "2008.02.11"]
[Round "3"]
[White "chips"]
[Black "MeansToAnEnd"]
[Result "0-1"]
[WhiteElo "1183"]
[BlackElo "947"]
[Opening "Sicilian defense"]
[ECO "B20"]
[Time "22:01:13"]
[TimeControl "2700+45"]

1. e4 c5 2. d3 d6 3. Nf3 Nf6 4. Bg5 Nbd7 5. Nbd2 g6 6. Bxf6 Nxf6 7. c3 Bg7 8.
Qb3 O-O 9. d4 cxd4 10. cxd4 Qa5 11. Bc4 e6 12. O-O d5 13. exd5 exd5 14. Bd3 Be6
15. Qc3 Qxc3 16. bxc3 Rac8 17. Rfc1 Rc7 18. c4 a6 19. c5 Rfc8 20. Nb3 Ne4 21.
Bxe4 dxe4 22. Ng5 Bxb3 23. axb3 Bxd4 24. Rab1 Bxc5 25. Nxe4 Bxf2+ 26. Kxf2 Rxc1
27. Nf6+ Kg7 28. Rb2 R1c2+ 29. Rxc2 Rxc2+ {White resigns} 0-1

[Event "Team 45 45 League T36"]
[Site "Internet Chess Club"]
[Date "2008.02.08"]
[Round "3"]
[White "seldredg"]
[Black "Mutaant"]
[Result "1-0"]
[WhiteElo "1331"]
[BlackElo "1441"]
[Opening "English opening"]
[ECO "A20"]
[Time "20:59:35"]
[TimeControl "2700+45"]

1. c4 e5 2. g3 Bc5 3. e3 d6 4. Bg2 Qf6 5. Nc3 Ne7 6. Ne4 Qe6 7. Nxc5 dxc5 8. Bh3
Qxc4 9. Bxc8 Nxc8 10. d3 Qd5 11. e4 Qd6 12. Nf3 Nc6 13. O-O N8e7 14. a3 O-O-O
15. Be3 b6 16. b4 cxb4 17. axb4 Qxb4 18. Nxe5 Nxe5 19. Rxa7 Rxd3 20. Qa1 N5c6
21. Qa6+ Kd7 22. Qxd3+ Qd6 23. Qxd6+ Kxd6 24. Rd1+ Ke6 25. Rxc7 Rb8 26. Bf4 Ra8
27. Rd6# {Black checkmated} 1-0

[Event "Team 45 45 League T36"]
[Site "Internet Chess Club"]
[Date "2008.02.09"]
[Round "3"]
[White "moreffee"]
[Black "furrbrain"]
[Result "1-0"]
[WhiteElo "1358"]
[BlackElo "1194"]
[Opening "French: Winawer, advance variation"]
[ECO "C18"]
[Time "13:59:10"]
[TimeControl "2700+45"]

1. e4 e6 2. d4 d5 3. Nc3 Bb4 4. e5 c5 5. a3 Bxc3+ 6. bxc3 Nc6 7. Nf3 Nge7 8. Bg5
Qa5 9. Bd2 Nf5 10. c4 Qb6 11. cxd5 exd5 12. dxc5 Qxc5 13. Bd3 O-O 14. O-O Re8
15. Re1 Be6 16. Ng5 Ncd4 17. Nxe6 fxe6 18. Bb4 Qc7 19. Rc1 a5 20. Bd2 b5 21. c3
Nc6 22. Bxb5 Rf8 23. a4 Nxe5 24. Bf4 Nh4 25. Bxe5 Qc5 26. Bd4 Qe7 27. Qg4 Nf5
28. Qe2 Nxd4 29. cxd4 Qf6 30. Qxe6+ Qxe6 31. Rxe6 Rab8 32. Rce1 Rf7 33. Re8+ Rf8
34. Rxb8 Rxb8 35. Re8+ Rxe8 36. Bxe8 Kf8 37. Bc6 Ke7 38. Bxd5 Kd6 39. Bg8 h6 40.
f3 g5 41. Kf2 h5 42. Ke3 Ke7 43. Ke4 Kf6 {Black resigns} 1-0